Map: Ascension to Aiur LE

Players

MaNa - Winner!

  • Race: Protoss Protoss
  • Spawn Location: 5:00

Theo

  • Race: Protoss Protoss
  • Spawn Location: 11:00

Event: WCS Jonkoping 2017

VOD

Have the link to the VOD?

Description

Time

  • Played on: June 17, 2017, 10:29 a.m.
  • Length: 7:39

All games in this series

Show
View Real Time Build Order
Export as new Build Order

MaNa Protoss - Winner!

Build Orders:  

Get SALT Encoding   

  12  0:02  Probe (Chrono Boost)  
  13  0:12  Probe (Chrono Boost)  
  14  0:18  Pylon  
  14  0:23  Probe (Chrono Boost)  
  15  0:36  Probe (Chrono Boost), Gateway  
  16  0:47  Probe (Chrono Boost)  
  16  0:48  Assimilator  
  17  0:57  Probe (Chrono Boost)  
  17  0:59  Assimilator  
  18  1:08  Probe (Chrono Boost)  
  19  1:14  Gateway  
  20  1:18  Probe (Chrono Boost)  
  20  1:24  Cybernetics Core  
  20  1:29  Probe (Chrono Boost)  
  21  1:34  Pylon  
  21  1:39  Probe (Chrono Boost)  
  22  1:50  Probe (Chrono Boost)  
  23  2:00  Probe (Chrono Boost)  
  28  2:02  Stalker (Chrono Boost)  
  28  2:03  Stalker (Chrono Boost), Warp Gate (Chrono Boost)  
  28  2:10  Pylon  
  28  2:13  Probe  
  29  2:25  Mothership Core (Chrono Boost)  
  31  2:33  Stalker  
  31  2:36  Stalker  
  35  2:59  Pylon  
  35  3:10  Nexus  
  34  3:19  Pylon  
  34  3:28  Robotics Facility  
  34  3:31  Probe  
  35  3:44  Probe  
  34  3:56  Probe (Chrono Boost)  
  34  3:57  Stalker x2  
  37  4:08  Probe (Chrono Boost)  
  38  4:18  Probe (Chrono Boost)  
  38  4:22  Stalker x2  
  41  4:29  Probe (Chrono Boost)  
  42  4:31  Twilight Council  
  42  4:32  Observer  
  42  4:35  Probe (Chrono Boost)  
  44  4:39  Probe (Chrono Boost)  
  43  4:46  Probe (Chrono Boost)  
  43  4:50  Pylon, Probe (Chrono Boost)  
  43  4:51  Sentry x2  
  49  4:56  Probe (Chrono Boost)  
  50  5:00  Probe (Chrono Boost)  
  49  5:11  Probe (Chrono Boost)  
  50  5:20  Probe (Chrono Boost), Blink  
  51  5:21  Probe (Chrono Boost)  
  51  5:24  Assimilator  
  51  5:25  Immortal  
  51  5:28  Assimilator  
  58  5:40  Stalker, Gateway  
  58  5:41  Stalker  
  60  5:45  Probe x2 (Chrono Boost)  
  56  6:04  Warp Prism  
  56  6:07  Stalker x2  
  56  6:09  Probe (Chrono Boost)  
  63  6:22  Gateway  
  63  6:23  Probe x2 (Chrono Boost)  
  65  6:31  Stalker x2  
  63  6:51  Stalker  
  63  6:53  Immortal  
  70  7:01  Probe (Chrono Boost)  
  70  7:03  Nexus  
  70  7:05  Pylon  
  70  7:12  Pylon  
  70  7:13  Pylon  
  70  7:20  Probe (Chrono Boost)  
  69  7:35  Stalker x4  
Show
View Real Time Build Order
Export as new Build Order

Theo Protoss 

Build Orders: Oracle Opening 

Get SALT Encoding   

  12  0:01  Probe (Chrono Boost)  
  13  0:12  Probe (Chrono Boost)  
  14  0:19  Pylon  
  14  0:22  Probe (Chrono Boost)  
  15  0:37  Probe (Chrono Boost), Gateway  
  16  0:47  Assimilator  
  16  0:48  Probe (Chrono Boost)  
  17  0:57  Assimilator  
  17  0:58  Probe (Chrono Boost)  
  18  1:09  Probe (Chrono Boost)  
  19  1:14  Gateway  
  19  1:19  Probe (Chrono Boost)  
  19  1:24  Cybernetics Core  
  20  1:30  Probe (Chrono Boost)  
  21  1:34  Pylon  
  21  1:40  Probe (Chrono Boost)  
  22  1:51  Probe (Chrono Boost)  
  23  2:01  Stalker  
  25  2:02  Stalker, Mothership Core (Chrono Boost)  
  29  2:14  Pylon, Warp Gate (Chrono Boost)  
  29  2:23  Probe (Chrono Boost)  
  30  2:33  Probe (Chrono Boost)  
  30  2:38  Stargate  
  30  3:05  Stalker x2  
  34  3:15  Pylon  
  32  3:22  Oracle (Chrono Boost)  
  35  3:32  Nexus  
  35  3:34  Probe  
  36  3:46  Probe  
  33  4:06  Mothership Core  
  31  4:10  Stalker  
  31  4:11  Stalker  
  31  4:27  Probe  
  31  4:29  Void Ray (Chrono Boost)  
  36  4:37  Stalker  
  35  4:47  Probe x2 (Chrono Boost)  
  35  4:51  Stalker  
  39  4:58  Probe (Chrono Boost)  
  39  4:59  Probe (Chrono Boost)  
  41  5:07  Stalker  
  41  5:09  Probe x2  
  43  5:19  Stalker  
  45  5:27  Probe x2 (Chrono Boost)  
  47  5:31  Oracle  
  50  5:39  Probe (Chrono Boost)  
  50  5:40  Probe (Chrono Boost)  
  52  5:46  Nexus  
  53  5:50  Probe (Chrono Boost)  
  53  5:51  Probe (Chrono Boost)  
  54  6:00  Probe (Chrono Boost)  
  49  6:07  Probe (Chrono Boost), Oracle  
  49  6:09  Assimilator  
  49  6:11  Probe (Chrono Boost)  
  52  6:17  Stalker  
  52  6:18  Stalker  
  57  6:19  Gateway  
  56  6:27  Gateway  
  56  6:28  Gateway  
  54  6:46  Stalker x2  
  56  6:56  Probe x2 (Chrono Boost)  
  55  7:10  Stalker, Adept  
  59  7:22  Stalker  
  57  7:24  Probe (Chrono Boost)  
  57  7:27  Assimilator  
  51  7:31  Stalker x3  
Tags
 
Add a new tag
Caveats
  • Supply blocks, unpowered buildings, or Contaminate may cause inaccurate times.
  • Supply counts are checked every 10 seconds.